AoeStats
← Oldspice

Lombardia

508345287Analyzed
3v3 RM · 10d ago on Sep 22, 2026· 93m 20s· 6 players
Game mode
Random Map
Map size
Normal (6 player)
Population
200
Speed
Normal
Resources
Standard
Victory
Conquest
Starting age
Dark Age
Ending age
Imperial Age
RankedLock teamsTeams togetherTeam positionsShared explorationLock speedFull tech treeHidden civsTurbo modeCheats
Victory
Defeat
🇺🇸 Bohemians · United States
1633
+11
🇨🇦 Vikings · Canada
1567
+13
🇺🇸 Shu · United States
1502
+17
🇻🇳 Magyars · Vietnam
1564
-16
🇲🇽 Burmese · Mexico
1499
-13
🇨🇴 Turks · Colombia
1463
-12
_BeTo_
8:43 Loom
10:39 Feudal Age
14:44 Castle Age
13:05 Stone Mining
14:33 Loom
19:56 Horse Collar
26:02 Bloodlines
26:14 Husbandry
27:39 Wheelbarrow
27:47 Town Watch
28:54 Padded Archer Armor
29:41 Ballistics
33:05 Imperial Age
31:31 Fletching
32:41 Bodkin Arrow
34:24 Conscription
34:03 Gold Mining
36:35 Elite Arambai
38:19 Hand Cart
39:43 Heavy Plow
45:18 Crop Rotation
50:03 Caravan
49:33 Light Cavalry
50:19 Scale Barding Armor
52:56 Coinage
54:26 Chain Barding Armor
54:17 Forging
55:36 Banking
56:07 Hussar
58:00 Plate Barding Armor
59:30 Iron Casting
63:00 Capped Ram
65:01 Fortified Wall
65:52 Chemistry
66:31 Town Patrol
66:58 Masonry
68:33 Blast Furnace
67:50 Manipur Cavalry
69:39 Howdah
69:41 Treadmill Crane
70:32 Architecture
70:57 Elite Battle Elephant
73:19 Bracer
76:05 Devotion
82:06 Faith
ImPerez22
6:02 Loom
8:23 Feudal Age
10:06 Double-Bit Axe
15:17 Town Watch
19:33 Castle Age
17:47 Gold Mining
24:01 Imperial Age
22:40 Padded Archer Armor
24:13 Bow Saw
24:36 Leather Archer Armor
36:10 Wheelbarrow
35:51 Horse Collar
37:49 Caravan
42:09 Hand Cart
42:56 Fletching
43:11 Husbandry
44:05 Parthian Tactics
44:18 Thumb Ring
44:09 Bodkin Arrow
45:02 Conscription
45:08 Bloodlines
45:08 Bloodlines
45:33 Ballistics
45:35 Bracer
46:23 Heavy Plow
46:55 Sipahi
46:33 Heavy Cavalry Archer
49:06 Fortified Wall
50:39 Scale Barding Armor
51:37 Ring Archer Armor
52:36 Chain Barding Armor
54:39 Two-Man Saw
54:58 Plate Barding Armor
54:33 Forging
56:31 Guilds
56:57 Iron Casting
56:49 Guilds
59:15 Blast Furnace
62:56 Devotion
67:00 Scale Mail Armor
67:07 Squires
66:29 Man-at-Arms
67:38 Arson
67:33 Long Swordsman
68:11 Two-Handed Swordsman
69:21 Chain Mail Armor
69:12 Champion
71:04 Coinage
70:50 Artillery
70:12 Capped Ram
71:40 Plate Mail Armor
71:38 Siege Ram
77:57 Gold Shaft Mining
77:12 Stone Mining
79:16 Banking
Viet Nam Strategy
6:23 Loom
8:49 Feudal Age
9:21 Double-Bit Axe
13:02 Wheelbarrow
19:52 Castle Age
17:42 Horse Collar
18:27 Gold Mining
18:28 Stone Mining
20:58 Hand Cart
20:54 Bow Saw
20:45 Heavy Plow
33:00 Imperial Age
30:58 Bloodlines
30:48 Husbandry
30:55 Scale Barding Armor
32:10 Chain Barding Armor
33:00 Cavalier
34:17 Plate Barding Armor
34:13 Conscription
34:39 Gold Shaft Mining
34:21 Paladin
37:29 Crop Rotation
39:47 Two-Man Saw
45:02 Elite Skirmisher
45:48 Thumb Ring
45:38 Fletching
45:48 Padded Archer Armor
47:03 Bodkin Arrow
47:23 Leather Archer Armor
47:31 Ballistics
48:11 Chemistry
47:58 Bracer
47:31 Elite Magyar Huszar
48:53 Corvinian Army
50:00 Parthian Tactics
50:11 Ring Archer Armor
59:35 Light Cavalry
62:29 Hussar
84:06 Caravan
84:36 Coinage
IVIUSTANG
7:27 Loom
10:30 Feudal Age
10:58 Feudal Age
16:38 Castle Age
14:58 Double-Bit Axe
15:23 Horse Collar
16:12 Stone Mining
19:12 Bow Saw
26:47 Gold Mining
27:07 Scale Mail Armor
27:33 Forging
27:45 Fletching
27:51 Town Watch
28:25 Squires
29:57 Chain Mail Armor
30:21 Iron Casting
33:29 Fletching
33:49 Town Watch
34:29 Crossbowman
36:24 Arson
43:34 Bodkin Arrow
47:06 Imperial Age
46:07 Fervor
46:08 Chieftains
47:55 Gold Shaft Mining
47:21 Capped Ram
48:16 Heavy Plow
49:00 Plate Mail Armor
48:50 Arbalester
49:33 Bracer
50:12 Hoardings
50:12 Elite Berserk
51:17 Ballistics
51:43 Padded Archer Armor
52:56 Chemistry
54:38 Two-Man Saw
54:29 Leather Archer Armor
53:43 Elite Skirmisher
53:49 Pikeman
55:48 Ring Archer Armor
55:47 Conscription
56:55 Siege Ram
60:18 Town Patrol
61:30 Siege Engineers
61:36 Masonry
62:15 Coinage
62:42 Caravan
64:51 Banking
69:55 Blast Furnace
69:15 Bogsveigar
70:18 Architecture
72:01 Guard Tower
71:57 Arrowslits
76:37 Murder Holes
80:25 Man-at-Arms
81:30 Gambesons
85:23 Town Patrol
85:23 Long Swordsman
86:18 Two-Handed Swordsman
87:42 Fortified Wall
87:22 Heated Shot
87:13 Treadmill Crane
87:06 Champion
Oldspice
8:07 Loom
10:36 Feudal Age
15:05 Castle Age
13:39 Double-Bit Axe
15:02 Horse Collar
21:32 Fletching
22:57 Bow Saw
24:41 Wheelbarrow
23:57 Crossbowman
25:02 Ballistics
25:22 Bodkin Arrow
26:29 Thumb Ring
26:27 Padded Archer Armor
26:15 Town Watch
28:48 Hand Cart
34:08 Imperial Age
32:46 Leather Archer Armor
33:13 Coinage
34:53 Bracer
34:19 Arbalester
36:39 Chemistry
36:37 Bolt Magazine
36:59 Conscription
38:30 Scale Mail Armor
38:40 Forging
38:07 Pikeman
39:19 Ring Archer Armor
40:47 Chain Mail Armor
40:37 Elite White Feather Guard
41:08 Arson
41:23 Squires
42:03 Coiled Serpent Array
43:55 Banking
42:58 Halberdier
44:58 Plate Mail Armor
45:35 Capped Ram
47:39 Gold Mining
47:40 Stone Mining
48:10 Caravan
62:38 Elite Skirmisher
70:20 Masonry
75:15 Siege Engineers
80:10 Siege Ram
94:39 Two-Man Saw
BucketsTTP
6:37 Loom
9:17 Feudal Age
11:52 Double-Bit Axe
13:40 Town Watch
17:26 Castle Age
16:01 Horse Collar
18:21 Bow Saw
18:26 Heavy Plow
18:58 Husbandry
19:37 Heavy Plow
24:58 Scale Barding Armor
27:30 Chain Barding Armor
29:54 Chemistry
29:16 Scale Mail Armor
32:04 Imperial Age
30:58 Wheelbarrow
31:14 Chain Mail Armor
32:20 Pikeman
33:24 Squires
34:04 Plate Mail Armor
34:10 Halberdier
35:45 Hand Cart
36:01 Conscription
35:50 Wagenburg Tactics
36:14 Forging
37:32 Iron Casting
37:21 Fletching
37:55 Ballistics
39:33 Blast Furnace
38:49 Bodkin Arrow
38:37 Treadmill Crane
38:41 Capped Ram
42:38 Bracer
47:05 Guilds
47:20 Houfnice
55:49 Elite Skirmisher
58:52 Man-at-Arms
60:08 Caravan
61:17 Padded Archer Armor
62:51 Leather Archer Armor
64:47 Ring Archer Armor
65:33 Town Patrol
66:28 Masonry
74:40 Man-at-Arms
84:03 Long Swordsman
Connection lost

Rejoining the realm…

Still unreachable

The connection could not be restored.

Session expired

The server has moved on; the page needs a fresh start.